 Dungeon Crawl Stone Soup version 0.22.0 (webtiles) character file.

360 Liskomies the Slasher (level 6, -1/48 HPs)
             Began as a Demonspawn Abyssal Knight on Aug 10, 2018.
             Was a Priest of Lugonu.
             Slain by Pisosu's ghost (11 damage)
             ... on level 4 of the Dungeon.
             The game lasted 00:22:25 (3549 turns).

Liskomies the Slasher (Demonspawn Abyssal Knight)   Turns: 3549, Time: 00:22:29

Health: -1/48      AC:  7    Str: 19    XL:     6   Next: 38%
Magic:  16/16      EV: 12    Int: 16    God:    Lugonu [***...]
Gold:   181        SH:  0    Dex: 16    Spells: 5/5 levels left

rFire    . . .     SeeInvis .   g - +2 halberd (freeze)
rCold    + . .     Gourm    .   (shield currently unavailable)
rNeg     . . .     Faith    .   i - +1 ring mail
rPois    .         Spirit   .   (helmet restricted)
rElec    +         Reflect  .   (no cloak)
rCorr    .         Harm     .   k - +0 pair of gloves
MR       .....                  (no boots)
Stlth    +.........             (no amulet)
HPRegen  0.16/turn              d - ring of Nareelot {*Drain rElec MP+9 Int+3 Dex+3}
MPRegen  0.15/turn              (no ring)

@: mighty, lethally poisoned (-1 -> -1)
A: antennae 1, hooves 1, cold resistance 1
a: Depart the Abyss, Bend Space, Banish, Renounce Religion


You were on level 4 of the Dungeon.
You worshipped Lugonu.
Lugonu was most pleased with you.
You were not hungry.

You visited 1 branch of the dungeon, and saw 4 of its levels.
You visited the Abyss 1 time.

You collected 181 gold pieces.

Inventory:

Hand Weapons
 a - a +2 falchion
 g - a +2 halberd of freezing (weapon)
 p - a +0 rapier
Armour
 b - a +2 leather armour
 i - a +1 ring mail (worn)
 k - a +0 pair of gloves (worn)
Jewellery
 d - the ring of Nareelot (left hand) {*Drain rElec MP+9 Int+3 Dex+3}
   (You found it on level 2 of the Abyss)

   [ring of dexterity]

   It affects your intelligence (+3).
   It affects your dexterity (+3).
   It insulates you from electricity.
   It affects your magic capacity (+9).
   It causes draining when unequipped.
Scrolls
 e - 4 scrolls of teleportation
 f - 2 scrolls of remove curse
 j - a scroll of immolation
Potions
 l - 3 potions of curing
 n - a potion of heal wounds {unknown}
 o - a potion of lignification {unknown}
 q - 2 potions of brilliance {unknown}
Comestibles
 c - 6 rations


   Skills:
 + Level 4.2 Fighting
 + Level 4.6 Long Blades
 + Level 2.8 Armour
 + Level 2.0 Dodging
 + Level 0.3 Stealth
 + Level 2.4 Invocations


You had 5 spell levels left.
You didn't know any spells.
Your spell library was empty.

Dungeon Overview and Level Annotations

Branches:
Dungeon (4/15)
 Temple: D:4-7

Altars:
Cheibriados
Trog
Uskayaw

Annotations:
D:4 Pisosu's ghost, amateur MiFi


Innate Abilities, Weirdness & Mutations

You have a pair of small antennae on your head.
You have large cloven feet.
Your flesh is cold resistant. (rC+)


Message History

You hit Pisosu's ghost. You freeze Pisosu's ghost.
Pisosu's ghost is lightly damaged.
You feel sick.
The centaur skeleton closely misses you.
Pisosu's ghost hits you. The centaur skeleton barely misses you.
Pisosu's ghost hits you.
You hit Pisosu's ghost but do no damage.
You kick Pisosu's ghost, but do no damage.
Pisosu's ghost is lightly damaged.
The centaur skeleton hits you. Pisosu's ghost hits you!
* * * LOW HITPOINT WARNING * * *
The centaur skeleton hits you but does no damage.
You impale Pisosu's ghost!! You freeze Pisosu's ghost!
Pisosu's ghost is almost destroyed.
You feel sick.
The centaur skeleton closely misses you.
Pisosu's ghost misses you. The centaur skeleton hits you.
* * * LOW HITPOINT WARNING * * *
Pisosu's ghost hits you!
You die...

#.......#####
.......#≈##.......#
.......#%##.......#####
.......#≈#............#
.....[.#≈##...........#
......#≈#............#
....#≈#.............
#Z#†#....†.######.
#@WS......## #.
######...[# #. #....#
#. #....# ## ### #....#
# #.# ###### # #<# #
#.# # #.# #


You could see Pisosu's ghost, an adder and a centaur skeleton.

Vanquished Creatures
  Blork the orc (D:4)
  A howler monkey (D:4)
  3 hounds
  2 worker ants (D:4)
  7 adders
  3 worms
  2 dart slugs
  3 leopard geckos
  2 orcs (D:3)
  2 ball pythons
  5 bats
  A giant cockroach (D:2)
  5 goblins
  7 hobgoblins
  A quokka (D:2)
  2 frilled lizards
  4 kobolds
  A quokka skeleton (D:4)
  6 rats
58 creatures vanquished.

Vanquished Creatures (collateral kills)
  A giant cockroach (D:1)
  A ball python (D:1)
  A bat (D:1)
  A frilled lizard (D:1)
4 creatures vanquished.

Grand Total: 62 creatures vanquished

Notes
Turn   | Place    | Note
-------+----------+-------------------------------------------
     0 | Abyss:1  | Liskomies the Demonspawn Abyssal Knight began the quest for the Orb.
     0 | Abyss:1  | Reached XP level 1. HP: 18/18 MP: 2/2
    43 | Abyss:2  | Found a corrupted altar of Lugonu.
    48 | Abyss:2  | Got a brightly glowing turquoise ring
    49 | Abyss:2  | Identified the ring of Nareelot {*Drain rElec MP+9 Int+3 Dex+3} (You found it on level 2 of the Abyss)
    94 | Abyss:2  | Found a corrupted altar of Lugonu.
   127 | D:1      | Escaped the Abyss
   155 | D:1      | Reached skill level 1 in Dodging
   395 | D:1      | Gained mutation: Your flesh is cold resistant. (rC+) [demonic ancestry]
   395 | D:1      | Reached XP level 2. HP: 23/24 MP: 3/3
   553 | D:1      | Reached ** piety under Lugonu
   986 | D:2      | Reached XP level 3. HP: 16/29 MP: 4/4
  1908 | D:2      | Gained mutation: You have large cloven feet. [demonic ancestry]
  1908 | D:2      | Reached XP level 4. HP: 30/37 MP: 5/5
  2039 | D:2      | Found a snail-covered altar of Cheibriados.
  2655 | D:3      | Found a bloodstained altar of Trog.
  2804 | D:4      | Gained mutation: You have a pair of small antennae on your head. [demonic ancestry]
  2804 | D:4      | Reached XP level 5. HP: 37/42 MP: 6/6
  2974 | D:4      | Reached *** piety under Lugonu
  3286 | D:4      | Reached XP level 6. HP: 37/48 MP: 7/7
  3469 | D:4      | Noticed a dagger
  3471 | D:4      | Noticed a hand axe
  3472 | D:4      | Found a hide-covered altar of Uskayaw.
  3473 | D:4      | Noticed Blork the orc
  3480 | D:4      | Killed Blork the orc
  3527 | D:4      | Found a runed door.
  3536 | D:4      | Noticed Pisosu's ghost (amateur MiFi)
  3549 | D:4      | Slain by Pisosu's ghost

Skill      XL: |  1  2  3  4  5  6 |
---------------+-------------------+-----
Dodging        | 1 2 |  2.0
Long Blades    | 2 3 4 |  4.6
Armour         | 2 |  2.8
Fighting       | 4 |  4.2
Stealth        | |  0.3
Invocations    | |  2.4

Action                   |  1- 3 |  4- 6 || total
-------------------------+-------+-------++-------
Melee: Falchion          |   119 |    79 ||   198
       Kick              |       |    29 ||    29
       Halberd           |       |     6 ||     6
Evoke: Box of beasts     |     1 |       ||     1
  Use: Scroll            |     4 |     8 ||    12
       Potion            |       |     2 ||     2
 Stab: Sleeping          |     1 |       ||     1
  Eat: Ration            |     1 |     1 ||     2
       Chunk             |     1 |     1 ||     2
Armor: Leather armour    |    54 |       ||    54
       Ring mail         |       |    30 ||    30
Dodge: Dodged            |    77 |    59 ||   136
       Rpst.: Falchion   |    20 |    15 ||    35
